[Event "ICC tourney 2351 (30 5)"]
[Site "Internet Chess Club"]
[Date "2021.01.30"]
[Round "2"]
[White "Haleyzhang"]
[Black "ArielB"]
[Result "0-1"]
[ICCResult "White checkmated"]
[WhiteElo "1151"]
[BlackElo "979"]
[Opening "Scandinavian (center counter) defense"]
[ECO "B01"]
[NIC "SD.02"]
[Time "12:05:28"]
[PlyCount "46"]
[TimeControl "1800+5"]

1. e4 d5 2. exd5 Qxd5 3. Nc3 Qd8 4. d4 Nf6 5. Nf3 g6 6. Be3 Bg7 7. Qd2 O-O
8. Bh6 b6 9. Bxg7 Kxg7 10. O-O-O Bb7 11. Ne5 Nbd7 12. Qe3 e6 13. Be2 Qe7
14. Rhe1 Bxg2 15. f3 Bh3 16. Nc6 Qd6 17. Ne5 Nd5 18. Nxd5 exd5 19. Nxd7
Bxd7 20. Bd3 Rfe8 21. Qg1 Qf4+ 22. Re3 Rxe3 23. Re1 Rxe1# { White
checkmated } 0-1

[Event "ICC tourney 2351 (30 5)"]
[Site "Internet Chess Club"]
[Date "2021.01.30"]
[Round "2"]
[White "GibsonH"]
[Black "Jairrycs"]
[Result "1-0"]
[ICCResult "Black checkmated"]
[WhiteElo "1099"]
[BlackElo "965"]
[Opening "QGD: 4.Bg5 Be7"]
[ECO "D53"]
[NIC "QO.13"]
[Time "12:06:16"]
[PlyCount "105"]
[TimeControl "1800+5"]

1. d4 d5 2. c4 Nf6 3. Nc3 e6 4. Bg5 Be7 5. Nf3 Nc6 6. e3 Bd7 7. Bd3 Na5 8.
cxd5 exd5 9. Bxf6 Bxf6 10. Nxd5 O-O 11. Nxf6+ Qxf6 12. Qc2 Rac8 13. Bxh7+
Kh8 14. Bd3 g6 15. O-O Bf5 16. Bxf5 gxf5 17. Qc3 Nc6 18. d5 Qxc3 19. bxc3
Ne7 20. Rfd1 Rcd8 21. d6 cxd6 22. c4 b6 23. g3 Rg8 24. Re1 Nc6 25. Rab1 Na5
26. Nd4 Nxc4 27. Nxf5 Nd2 28. Ne7 Rge8 29. Nc6 Rd7 30. Nd4 Nxb1 31. Rxb1
Kg7 32. Rb5 Rb8 33. f4 a6 34. Rg5+ Kf8 35. Rh5 Ke7 36. Nc6+ Ke6 37. Nxb8
Rb7 38. Nxa6 b5 39. Rh6+ Ke7 40. Nb4 Rc7 41. Nd5+ Kd7 42. Nxc7 Kxc7 43. Rh7
Kc6 44. Rxf7 b4 45. h4 Kc5 46. h5 Kc4 47. h6 Kc3 48. h7 Kb2 49. Rb7 d5 50.
Rxb4+ Kxa2 51. h8=Q d4 52. Qxd4 Ka3 53. Qb2# { Black checkmated } 1-0

[Event "ICC tourney 2351 (30 5)"]
[Site "Internet Chess Club"]
[Date "2021.01.30"]
[Round "2"]
[White "ChessPandaLu"]
[Black "Sah2yazeed"]
[Result "1/2-1/2"]
[ICCResult "Game drawn by repetition"]
[WhiteElo "305"]
[BlackElo "942"]
[Opening "King's pawn game"]
[ECO "C50"]
[NIC "IG.03"]
[Time "12:12:20"]
[PlyCount "125"]
[TimeControl "1800+5"]

1. e4 e5 2. Nf3 Nc6 3. Bc4 f6 4. Nc3 Bc5 5. O-O Nge7 6. d3 d6 7. h3 Bd7 8.
Qe1 Qc8 9. Be3 Bxh3 10. gxh3 Qxh3 11. Qe2 Qg4+ 12. Kh1 Qh5+ 13. Kg1 Qg4+
14. Kh2 Qh5+ 15. Kg1 Qg4+ 16. Kh1 Qh5+ 17. Kg2 Qg4+ 18. Kh2 Qh5+ 19. Kg1
Qg4+ 20. Kh1 Qh5+ 21. Kg2 Qg4+ 22. Kh2 Qh5+ 23. Kg1 Qg4+ 24. Kh1 Qh5+ 25.
Kg2 Qg4+ 26. Kh2 Qh5+ 27. Kg1 Qg4+ 28. Kh1 Qh5+ 29. Kg2 Qg4+ 30. Kh2 Qh5+
31. Kg1 Qg4+ 32. Kh1 Qh5+ 33. Kg2 Qg4+ 34. Kh2 Qh5+ 35. Kg1 Qg4+ 36. Kh1
Qh5+ 37. Kg2 Qg4+ 38. Kh2 Qh5+ 39. Kg1 Qg4+ 40. Kh1 Qh3+ 41. Kg1 Qg4+ 42.
Kh2 Qh5+ 43. Kg1 Qg4+ 44. Kh2 Qh5+ 45. Kg2 Qg4+ 46. Kh1 Qh3+ 47. Kg1 Qg4+
48. Kh2 Qh5+ 49. Kg2 Qg4+ 50. Kh1 Qh3+ 51. Kg1 Qg4+ 52. Kh2 Qh5+ 53. Kg2
Qg4+ 54. Kh1 Qh5+ 55. Kg1 Qg4+ 56. Kh1 Qh3+ 57. Kg1 Qg4+ 58. Kh2 Qh5+ 59.
Kg2 Qg4+ 60. Kh1 Qh5+ 61. Kg1 Qg4+ 62. Kh2 Qh5+ 63. Kg2 { Game drawn by
repetition } 1/2-1/2

[Event "ICC tourney 2351 (30 5)"]
[Site "Internet Chess Club"]
[Date "2021.01.30"]
[Round "2"]
[White "Quinlandia"]
[Black "AdamD06"]
[Result "1-0"]
[ICCResult "Black checkmated"]
[WhiteElo "1163"]
[BlackElo "1018"]
[Opening "Four knights: Spanish variation"]
[ECO "C48"]
[NIC "KP.03"]
[Time "12:05:32"]
[PlyCount "65"]
[TimeControl "1800+5"]

1. e4 e5 2. Nf3 Nc6 3. Nc3 Nf6 4. Bb5 d6 5. h3 Be6 6. d3 h6 7. Be3 a6 8.
Ba4 Be7 9. O-O O-O 10. Bb3 Qd7 11. Ne2 Bxh3 12. gxh3 Qxh3 13. Ng3 Ng4 14.
Qe2 Bh4 15. c3 Bxg3 16. fxg3 Qxg3+ 17. Kh1 h5 18. Bd2 Ne7 19. Qg2 Qxg2+ 20.
Kxg2 Ng6 21. Rh1 Nf6 22. Kf2 Rad8 23. Bg5 c6 24. Bxf6 gxf6 25. Rxh5 Kg7 26.
Rah1 Rh8 27. Rxh8 Nxh8 28. Nh4 Ng6 29. Nf5+ Kg8 30. Nh6+ Kg7 31. Nxf7 Rf8
32. Nxd6 b6 33. Nf5# { Black checkmated } 1-0

[Event "ICC tourney 2351 (30 5)"]
[Site "Internet Chess Club"]
[Date "2021.01.30"]
[Round "2"]
[White "Gabesw"]
[Black "SamuelDaPro7"]
[Result "0-1"]
[ICCResult "White checkmated"]
[WhiteElo "903"]
[BlackElo "1068"]
[Opening "Sicilian defense"]
[ECO "B32"]
[NIC "SI.48"]
[Time "12:05:22"]
[PlyCount "56"]
[TimeControl "1800+5"]

1. e4 c5 2. d4 Nc6 3. Nf3 e6 4. d5 Nce7 5. Bg5 f6 6. Bh4 exd5 7. exd5 d6 8.
Bb5+ Bd7 9. Nc3 Bxb5 10. Nxb5 Qa5+ 11. Nc3 Ng6 12. Bg3 Be7 13. Qe2 O-O-O
14. O-O Nh6 15. Nb5 Qb6 16. c4 a6 17. Nh4 Nxh4 18. Bxh4 Rhe8 19. Qe6+ Kb8
20. Nc3 Qxb2 21. Na4 Qb4 22. Rfb1 Qxa4 23. Rb3 Qd7 24. Rab1 Qxe6 25. Rxb7+
Ka8 26. dxe6 Bf8 27. R1b6 Rxe6 28. Rc7 Re1# { White checkmated } 0-1

[Event "ICC tourney 2351 (30 5)"]
[Site "Internet Chess Club"]
[Date "2021.01.30"]
[Round "2"]
[White "SABHEMischler"]
[Black "nidhi204"]
[Result "0-1"]
[ICCResult "White checkmated"]
[WhiteElo "628"]
[BlackElo "951"]
[Opening "Giuoco Piano"]
[ECO "C50"]
[NIC "IG.02"]
[Time "12:05:29"]
[PlyCount "90"]
[TimeControl "1800+5"]

1. e4 e5 2. Nf3 Nc6 3. Bc4 Bc5 4. Nc3 d6 5. h3 Nf6 6. O-O h6 7. d3 O-O 8.
Bd2 Nh7 9. a3 Qf6 10. b4 Bd4 11. b5 Ne7 12. Rb1 Qg6 13. Nh4 Qg3 14. Nf5
Nxf5 15. exf5 Bxf5 16. Kh1 Qg6 17. Ne2 Bc5 18. Ng1 e4 19. Bf4 exd3 20. cxd3
Rfe8 21. a4 Nf6 22. Qf3 Nh5 23. g4 Nxf4 24. Qxf4 Bxd3 25. Bxd3 Qxd3 26.
Rbd1 Qb3 27. Nf3 Re2 28. Rd2 Rxd2 29. Nxd2 Qxh3+ 30. Kg1 d5 31. Qxc7 Qxg4+
32. Kh1 Rc8 33. Qxb7 Qh3+ 34. Kg1 Bd6 35. Nf3 Rc3 36. Qxd5 Bf4 37. Qd8+ Kh7
38. Qd5 Rxf3 39. Qe4+ g6 40. Qxf3 Qxf3 41. b6 axb6 42. a5 bxa5 43. Re1 Qg4+
44. Kf1 Qf3 45. Re2 Qh1# { White checkmated } 0-1

[Event "ICC tourney 2351 (30 5)"]
[Site "Internet Chess Club"]
[Date "2021.01.30"]
[Round "2"]
[White "Tumi2006"]
[Black "WaileaS"]
[Result "1-0"]
[ICCResult "Black checkmated"]
[WhiteElo "827"]
[BlackElo "1027"]
[Opening "Caro-Kann defense"]
[ECO "B10"]
[NIC "CK.01"]
[Time "12:05:23"]
[PlyCount "95"]
[TimeControl "1800+5"]

1. e4 c6 2. Nf3 d5 3. Qe2 dxe4 4. Qxe4 Nf6 5. Qc4 Bf5 6. Be2 e6 7. d4 Bd6
8. Nc3 O-O 9. Bg5 Be7 10. O-O-O b5 11. Qb3 h6 12. Bf4 a5 13. a4 b4 14. Na2
Be4 15. Ne5 Bd5 16. c4 Bxg2 17. Rhg1 Be4 18. Bxh6 Nh5 19. Bxh5 Kh7 20. Ng4
gxh6 21. Qe3 Bg5 22. f4 Bh4 23. Qxe4+ f5 24. Qe5 Bf6 25. Qxe6 fxg4 26. Rxg4
Qe7 27. Qf5+ Kh8 28. Kb1 Qh7 29. Rg6 Bg7 30. Qe4 Qg8 31. Rdg1 Rf7 32. f5
Nd7 33. Nc1 Re8 34. Qxc6 Qf8 35. Nd3 Rfe7 36. Nf4 Re1+ 37. Ka2 Rxg1 38.
Rxg1 b3+ 39. Kb1 Qxf5+ 40. Ka1 Rg8 41. Ng6+ Kh7 42. Ne7 Rf8 43. Nxf5 Rxf5
44. Bg6+ Kh8 45. Bxf5 Nf6 46. Qc8+ Ng8 47. Be6 Kh7 48. Qxg8# { Black
checkmated } 1-0

[Event "ICC tourney 2351 (30 5)"]
[Site "Internet Chess Club"]
[Date "2021.01.30"]
[Round "2"]
[White "SAHEliz"]
[Black "RichieHeller"]
[Result "0-1"]
[ICCResult "White checkmated"]
[WhiteElo "1035"]
[BlackElo "841"]
[Opening "Three knights game"]
[ECO "C46"]
[NIC "KP.06"]
[Time "12:05:39"]
[PlyCount "60"]
[TimeControl "1800+5"]

1. e4 e5 2. Nc3 Nc6 3. Nf3 Bc5 4. Bc4 h6 5. d3 Nf6 6. O-O O-O 7. Bd2 a6 8.
Qe2 d6 9. h3 Be6 10. Rad1 Qd7 11. Bxe6 Qxe6 12. Be3 Nd4 13. Nxd4 Bxd4 14.
Ra1 d5 15. Bd2 dxe4 16. dxe4 Rad8 17. Rfd1 Rd6 18. Be3 Bxc3 19. bxc3 Nxe4
20. Bd2 f5 21. Rdb1 Rxd2 22. Qf3 Rxf2 23. Qd3 Qg6 24. g3 Rd2 25. Qf3 f4 26.
Rf1 Qxg3+ 27. Qxg3 fxg3 28. Rfe1 Ng5 29. Rxe5 Nf3+ 30. Kf1 Rf2# { White
checkmated } 0-1

[Event "ICC tourney 2351 (30 5)"]
[Site "Internet Chess Club"]
[Date "2021.01.30"]
[Round "2"]
[White "ASmith2010"]
[Black "Aidan04"]
[Result "1-0"]
[ICCResult "Black resigns"]
[WhiteElo "1023"]
[BlackElo "831"]
[Opening "Scotch opening"]
[ECO "C44"]
[NIC "KP.10"]
[Time "12:06:16"]
[PlyCount "95"]
[TimeControl "1800+5"]

1. e4 e5 2. Nf3 Nc6 3. d4 d5 4. dxe5 dxe4 5. Qxd8+ Kxd8 6. Ng5 Be6 7. Bf4
Nd4 8. Kd1 Be7 9. Nxe4 f6 10. exf6 Nxf6 11. Nxf6 Bxf6 12. Nc3 Bf5 13. Bd3
Bxd3 14. cxd3 c6 15. Re1 Re8 16. Rxe8+ Kxe8 17. Be3 Kd7 18. Ne4 Be5 19. f4
Nf5 20. Nc5+ Kc7 21. Ke2 Bxb2 22. Rb1 Bd4 23. Ne6+ Kd7 24. Nxd4 g6 25. Nxf5
gxf5 26. Rxb7+ Kd6 27. Rxh7 a6 28. Rh6+ Kd5 29. Rh5 Ke6 30. d4 Rb8 31. Kf3
Rb2 32. g4 fxg4+ 33. Kxg4 Rxa2 34. Rh6+ Kd5 35. f5 a5 36. f6 Rg2+ 37. Kf3
Rg8 38. f7 Rf8 39. Rh7 a4 40. Bh6 Rb8 41. f8=Q Rxf8+ 42. Bxf8 Kc4 43. Rc7
Kd5 44. h4 Kxd4 45. h5 c5 46. Bxc5+ Kd5 47. h6 Ke5 48. h7 { Black resigns }
1-0

[Event "ICC tourney 2351 (30 5)"]
[Site "Internet Chess Club"]
[Date "2021.01.30"]
[Round "2"]
[White "August2012"]
[Black "Gabe1616"]
[Result "0-1"]
[ICCResult "White checkmated"]
[WhiteElo "930"]
[BlackElo "554"]
[Opening "Sicilian defense"]
[ECO "B32"]
[NIC "SI.31"]
[Time "12:05:33"]
[PlyCount "92"]
[TimeControl "1800+5"]

1. e4 c5 2. Nf3 Nc6 3. d4 e6 4. Be3 cxd4 5. Nxd4 Nf6 6. Nxc6 bxc6 7. Nc3
Bb4 8. e5 Ne4 9. Bd2 Bxc3 10. bxc3 Qb6 11. Be3 Qa5 12. Qd3 Qxe5 13. Bd4 Qd5
14. Bxg7 Rg8 15. Qxd5 cxd5 16. Bd4 Rb8 17. f3 Nd6 18. Be5 Ke7 19. Kf2 f6
20. Bg3 Rb2 21. Bd3 Nc4 22. Rhb1 Rxb1 23. Rxb1 Nd2 24. Rb8 Nc4 25. Bxh7 Rh8
26. Bd3 e5 27. Ra8 Ke6 28. Rxa7 f5 29. Ra8 f4 30. Bh4 Rxh4 31. Rxc8 Rxh2
32. Bxc4 dxc4 33. Rxc4 d5 34. Rb4 Kf5 35. a4 e4 36. fxe4+ dxe4 37. a5 f3
38. a6 Rxg2+ 39. Kf1 e3 40. Rb5+ Kg4 41. Rb4+ Kh3 42. Re4 e2+ 43. Ke1 Kg3
44. a7 Rg1+ 45. Kd2 Rd1+ 46. Ke3 e1=Q# { White checkmated } 0-1

[Event "ICC tourney 2351 (30 5)"]
[Site "Internet Chess Club"]
[Date "2021.01.30"]
[Round "2"]
[White "BigE"]
[Black "Noah7474"]
[Result "1-0"]
[ICCResult "Black checkmated"]
[WhiteElo "977"]
[BlackElo "1145"]
[Opening "French defense"]
[ECO "C01"]
[NIC "FR.01"]
[Time "12:05:29"]
[PlyCount "67"]
[TimeControl "1800+5"]

1. e4 e6 2. d4 Nf6 3. Nc3 Bb4 4. Bd2 O-O 5. Bd3 Nc6 6. Nf3 d5 7. e5 Bxc3 8.
Bxc3 Ne4 9. Bd2 Nxd2 10. Qxd2 Ne7 11. Qg5 Ng6 12. Qh5 Qe7 13. Ng5 h6 14. h4
Qb4+ 15. Kf1 Qxb2 16. Re1 Qxd4 17. g3 Ne7 18. Rh2 Bd7 19. Kg2 Bc6 20. Kg1
Rab8 21. Nf3 Qb4 22. Rf1 d4 23. Ng5 Bb5 24. Be4 Bxf1 25. Kxf1 Qb1+ 26. Kg2
Qxa2 27. Nh7 Ng6 28. Nf6+ Kh8 29. Ng4 c5 30. Nxh6 gxh6 31. Qxh6+ Kg8 32. h5
Nh4+ 33. Rxh4 Rfe8 34. Rg4# { Black checkmated } 1-0

[Event "ICC tourney 2351 (30 5)"]
[Site "Internet Chess Club"]
[Date "2021.01.30"]
[Round "2"]
[White "NateSAHE"]
[Black "ghalexa"]
[Result "1/2-1/2"]
[ICCResult "Game drawn by repetition"]
[WhiteElo "920"]
[BlackElo "793"]
[Opening "Queen's bishop game"]
[ECO "D00"]
[NIC "QP.08"]
[Time "12:05:51"]
[PlyCount "262"]
[TimeControl "1800+5"]

1. d4 d5 2. Bf4 Nf6 3. Nf3 Nc6 4. e3 Bg4 5. h3 Bf5 6. Bd3 Bg6 7. Ne5 e6 8.
Nd2 Bb4 9. Bxg6 hxg6 10. c3 Bd6 11. Qf3 Qe7 12. O-O-O O-O-O 13. Kb1 Nh5 14.
h4 f6 15. Nxg6 Qe8 16. Nxh8 Qxh8 17. Bxd6 Rxd6 18. g4 Qh7+ 19. Ka1 Qc2 20.
gxh5 Na5 21. Rhg1 Rb6 22. Rb1 Qxd2 23. Rgd1 Qc2 24. b4 Qxc3+ 25. Rb2 Nc4
26. Rb1 Rxb4 27. Qe2 a5 28. f4 a4 29. Qc2 Qxc2 30. Rxc2 Rxb1+ 31. Kxb1 Na3+
32. Kb2 Nxc2 33. Kxc2 Kd7 34. Kc3 Kd6 35. Kb4 e5 36. Kxa4 exd4 37. exd4 Ke6
38. Kb4 Kf5 39. Kc5 c6 40. Kb6 Kxf4 41. Kxb7 Ke4 42. a4 f5 43. a5 f4 44. a6
f3 45. a7 f2 46. a8=Q f1=Q 47. Qe8+ Kxd4 48. Qxc6 Qb1+ 49. Kc7 Qf5 50. Qb6+
Ke5 51. Qd6+ Ke4 52. Qb4+ Ke5 53. Qe1+ Kf6 54. Qc3+ Kf7 55. Qg3 Qc2+ 56.
Kd6 Qf5 57. Qb3 Qe6+ 58. Kc5 Qe7+ 59. Kd4 Qe4+ 60. Kc5 Qe7+ 61. Kd4 Qxh4+
62. Kxd5 Qxh5+ 63. Kd6+ Kg6 64. Qe6+ Kh7 65. Qe4+ g6 66. Qe7+ Kh6 67. Qf8+
Kg5 68. Qe7+ Kf5 69. Qe6+ Kg5 70. Qe7+ Kg4 71. Qe6+ Kh4 72. Qe4+ Qg4 73.
Qh1+ Qh3 74. Qe4+ Kh5 75. Qd5+ g5 76. Ke7 Qe3+ 77. Kf6 Qf4+ 78. Kg7 Kh4 79.
Qh1+ Kg4 80. Qg2+ Qg3 81. Qe2+ Kh3 82. Qh5+ Qh4 83. Qf3+ Qg3 84. Qf5+ g4
85. Kg6 Qf3 86. Qh5+ Kg2 87. Kg5 g3 88. Qe8 Kh2 89. Qh8+ Kg1 90. Qh3 Qg2
91. Qg4 Qh2 92. Qd1+ Kg2 93. Qe2+ Kh3 94. Qg4+ Kg2 95. Qe2+ Kh1 96. Qf1+
Qg1 97. Qh3+ Qh2 98. Qf1+ Qg1 99. Qh3+ Qh2 100. Qf1+ Qg1 101. Qh3+ Qh2 102.
Qf1+ Qg1 103. Qh3+ Qh2 104. Qf1+ Qg1 105. Qh3+ Qh2 106. Qf1+ Qg1 107. Qh3+
Qh2 108. Qf1+ Qg1 109. Qh3+ Qh2 110. Qf1+ Qg1 111. Qh3+ Qh2 112. Qf1+ Qg1
113. Qh3+ Qh2 114. Qf1+ Qg1 115. Qh3+ Qh2 116. Qf1+ Qg1 117. Qh3+ Qh2 118.
Qf1+ Qg1 119. Qh3+ Qh2 120. Qf1+ Qg1 121. Qh3+ Qh2 122. Qf1+ Qg1 123. Qh3+
Qh2 124. Qf1+ Qg1 125. Qh3+ Qh2 126. Qf1+ Qg1 127. Qh3+ Qh2 128. Qf1+ Qg1
129. Qh3+ Qh2 130. Qf1+ Qg1 131. Qh3+ Qh2 { Game drawn by repetition }
1/2-1/2

[Event "ICC tourney 2351 (30 5)"]
[Site "Internet Chess Club"]
[Date "2021.01.30"]
[Round "3"]
[White "Iankhan"]
[Black "NathanE42"]
[Result "1-0"]
[ICCResult "Black checkmated"]
[WhiteElo "1084"]
[BlackElo "956"]
[Opening "Sicilian: closed"]
[ECO "B23"]
[NIC "SI.44"]
[Time "14:01:34"]
[PlyCount "57"]
[TimeControl "1800+5"]

1. e4 c5 2. Nc3 g6 3. f4 Bg7 4. Nf3 d6 5. Bb5+ Nc6 6. Bxc6+ bxc6 7. d3 Nf6
8. O-O O-O 9. Be3 Qb6 10. Rb1 d5 11. Na4 Qb5 12. Nxc5 dxe4 13. Nxe4 Nxe4
14. dxe4 Ba6 15. Qd2 Qxf1+ 16. Rxf1 Bxf1 17. Kxf1 Bxb2 18. f5 Rad8 19. Qb4
Rd1+ 20. Ke2 Rb1 21. Qxe7 f6 22. fxg6 hxg6 23. Bh6 Rf7 24. Qe8+ Kh7 25.
Qxf7+ Kxh6 26. Qf8+ Kh5 27. Qh8+ Kg4 28. h3+ Kf4 29. Qh4# { Black
checkmated } 1-0

[Event "ICC tourney 2351 (30 5)"]
[Site "Internet Chess Club"]
[Date "2021.01.30"]
[Round "3"]
[White "paradoxical"]
[Black "BadChessNotGood"]
[Result "1-0"]
[ICCResult "Black checkmated"]
[WhiteElo "1050"]
[BlackElo "437"]
[Opening "Danish gambit"]
[ECO "C21"]
[NIC "KP.04"]
[Time "14:01:29"]
[PlyCount "61"]
[TimeControl "1800+5"]

1. e4 e5 2. d4 exd4 3. c3 dxc3 4. Bc4 cxb2 5. Bxb2 Nc6 6. Nf3 d6 7. O-O Be6
8. Bxe6 fxe6 9. Re1 Qd7 10. a3 Nf6 11. Bxf6 gxf6 12. Nc3 a6 13. Rb1 O-O-O
14. Qb3 Na5 15. Qb4 Qb5 16. Nxb5 axb5 17. Qxa5 Bh6 18. Qxb5 b6 19. a4 Rhg8
20. a5 bxa5 21. Qxa5 Kd7 22. Rb7 Rc8 23. Rd1 e5 24. Nh4 Rg5 25. Qb5+ Ke7
26. Nf5+ Kf7 27. Nxh6+ Kg6 28. Nf5 Rg8 29. g3 Kf7 30. Rxc7+ Ke6 31. Qd7# {
Black checkmated } 1-0

[Event "ICC tourney 2351 (30 5)"]
[Site "Internet Chess Club"]
[Date "2021.01.30"]
[Round "3"]
[White "mattshaf"]
[Black "Quinlandia"]
[Result "1-0"]
[ICCResult "Black checkmated"]
[WhiteElo "979"]
[BlackElo "1163"]
[Opening "Queen's pawn game"]
[ECO "D00"]
[NIC "QP.08"]
[Time "14:01:29"]
[PlyCount "141"]
[TimeControl "1800+5"]

1. d4 d5 2. e3 Bf5 3. c4 dxc4 4. Bxc4 Nc6 5. Bb5 Bd7 6. Nc3 Nf6 7. Nf3 e6
8. O-O Bd6 9. e4 O-O 10. e5 Ne8 11. exd6 Nxd6 12. Bxc6 Bxc6 13. Ne5 Bb5 14.
Nxb5 Nxb5 15. Be3 f6 16. Nf3 Qd7 17. Qb3 a6 18. a4 Nd6 19. Bf4 b6 20. Bxd6
Qxd6 21. Rfe1 Rfe8 22. a5 b5 23. Qc2 Rad8 24. Rad1 Qb4 25. Qc3 Qd6 26. Qc5
Qxc5 27. dxc5 Rxd1 28. Rxd1 e5 29. b4 e4 30. Nh4 Re5 31. f3 e3 32. g3 Kf7
33. Ng2 Ke6 34. Re1 Kd5 35. Nxe3+ Kd4 36. Nc2+ Kd5 37. Rxe5+ Kxe5 38. Kf2
Kd5 39. Ke3 Kc4 40. Kd2 Kb3 41. h4 c6 42. Nd4+ Kxb4 43. Nxc6+ Kxc5 44. Nb8
Kb4 45. Nxa6+ Kxa5 46. Nc5 b4 47. Kc2 Kb5 48. Ne6 g6 49. Nf8 Ka4 50. Nxh7
Ka3 51. Kb1 b3 52. Nxf6 b2 53. h5 gxh5 54. Nxh5 Kb3 55. g4 Kc4 56. g5 Kd5
57. g6 Ke6 58. g7 Kf7 59. Kxb2 Kg8 60. Kc3 Kh7 61. Kd4 Kg8 62. Ke5 Kh7 63.
Ke6 Kg8 64. Ke7 Kh7 65. f4 Kg8 66. f5 Kh7 67. f6 Kg8 68. f7+ Kh7 69. g8=Q+
Kh6 70. Kf6 Kxh5 71. Qg5# { Black checkmated } 1-0

[Event "ICC tourney 2351 (30 5)"]
[Site "Internet Chess Club"]
[Date "2021.01.30"]
[Round "3"]
[White "LionsDavidM"]
[Black "saphtroyl"]
[Result "0-1"]
[ICCResult "White checkmated"]
[WhiteElo "913"]
[BlackElo "774"]
[Opening "Scandinavian defense"]
[ECO "B01"]
[NIC "SD.03"]
[Time "14:02:19"]
[PlyCount "96"]
[TimeControl "1800+5"]

1. e4 d5 2. exd5 Nf6 3. Nc3 Nxd5 4. Bc4 Be6 5. Nf3 Nxc3 6. dxc3 Bxc4 7.
Qxd8+ Kxd8 8. Bf4 Nc6 9. O-O-O+ Ke8 10. Bxc7 e6 11. Ne5 Nxe5 12. Bxe5 f6
13. Bg3 Bc5 14. b4 Be7 15. Kb2 Kf7 16. Rd4 Bb5 17. c4 Bc6 18. b5 Bxg2 19.
Rg1 Bh3 20. Re1 Rhe8 21. Rd7 e5 22. Rxb7 Bg2 23. Rc7 Kf8 24. Rg1 Bh3 25. f4
exf4 26. Bxf4 Bd8 27. Rd7 Bb6 28. Rgxg7 Bxd7 29. Rxd7 Re4 30. Bd6+ Ke8 31.
Rxh7 Rd8 32. Bg3 Rxc4 33. Kb3 Rc5 34. Bf2 Rxb5+ 35. Kc4 Rdd5 36. Bxb6 axb6
37. Rh8+ Kf7 38. Rh7+ Kg8 39. Rh3 Rdc5+ 40. Kd4 Rb4+ 41. Kd3 b5 42. Kd2 Rb2
43. Kc1 Rcxc2+ 44. Kd1 Rxa2 45. Rg3+ Kf7 46. Rd3 Rxh2 47. Rd7+ Kg6 48. Kc1
Ra1# { White checkmated } 0-1

[Event "ICC tourney 2351 (30 5)"]
[Site "Internet Chess Club"]
[Date "2021.01.30"]
[Round "3"]
[White "chess4bigbrain"]
[Black "liamluna"]
[Result "0-1"]
[ICCResult "White checkmated"]
[WhiteElo "1160"]
[BlackElo "908"]
[Opening "Sicilian defense"]
[ECO "B20"]
[NIC "SI.48"]
[Time "14:01:27"]
[PlyCount "106"]
[TimeControl "1800+5"]

1. e4 c5 2. Bc4 Nc6 3. Qh5 g6 4. Qxc5 Bg7 5. Nf3 d6 6. Qe3 Nf6 7. Ng5 O-O
8. Bxf7+ Rxf7 9. Nxf7 Kxf7 10. Qb3+ Be6 11. c4 Na5 12. Qc2 Bxc4 13. d3 Be6
14. O-O Rc8 15. Qe2 Bg4 16. f3 Be6 17. Nc3 Qb6+ 18. Be3 Qd8 19. Bxa7 b6 20.
Qf2 Qc7 21. Nb5 Qb7 22. Bxb6 Rb8 23. Bxa5 Qxb5 24. Bc3 Qxd3 25. Rad1 Qb5
26. f4 Nxe4 27. Qe2 Nxc3 28. bxc3 Bxc3 29. Rf2 Qxe2 30. Rxe2 Bg4 31. Kf2
Bxe2 32. Kxe2 Rb2+ 33. Kd3 Bf6 34. a4 Ra2 35. Kc4 Rxa4+ 36. Kb5 Rxf4 37.
Kb6 Rf2 38. Kc7 Rxg2 39. Kd8 Rxh2 40. Rc1 h5 41. Rc7 h4 42. Kd7 Rg2 43. Rc8
h3 44. Rc1 h2 45. Rh1 Be5 46. Rb1 Rg1 47. Rb8 h1=Q 48. Re8 Qh3+ 49. Kd8 Bf6
50. Rxe7+ Bxe7+ 51. Kc7 Qc3+ 52. Kb6 Rb1+ 53. Ka6 Qa3# { White checkmated }
0-1

[Event "ICC tourney 2351 (30 5)"]
[Site "Internet Chess Club"]
[Date "2021.01.30"]
[Round "3"]
[White "BigE"]
[Black "Sawhadam"]
[Result "1-0"]
[ICCResult "Black checkmated"]
[WhiteElo "977"]
[BlackElo "1076"]
[Opening "Sicilian defense"]
[ECO "B32"]
[NIC "SI.31"]
[Time "14:01:59"]
[PlyCount "29"]
[TimeControl "1800+5"]

1. e4 c5 2. Nf3 Nc6 3. d4 e6 4. Nc3 Nf6 5. Bg5 Be7 6. Be2 cxd4 7. Nxd4 Nxd4
8. Qxd4 Nxe4 9. Bxe7 Qxe7 10. Nxe4 d5 11. Bb5+ Kf8 12. Ng3 e5 13. Qxd5 Qb4+
14. c3 Qxb2 15. Qd8# { Black checkmated } 1-0

[Event "ICC tourney 2351 (30 5)"]
[Site "Internet Chess Club"]
[Date "2021.01.30"]
[Round "3"]
[White "ghalexa"]
[Black "chessmessi14"]
[Result "0-1"]
[ICCResult "White checkmated"]
[WhiteElo "793"]
[BlackElo "965"]
[Opening "French: advance, Nimzovich system"]
[ECO "C02"]
[NIC "FR.03"]
[Time "14:01:25"]
[PlyCount "82"]
[TimeControl "1800+5"]

1. e4 e6 2. d4 d5 3. e5 c5 4. Nf3 Qb6 5. Nc3 Nc6 6. Be3 Qxb2 7. Na4 Qb4+ 8.
Nc3 Qxc3+ 9. Bd2 Qa3 10. Bd3 Nge7 11. Bc1 Qb4+ 12. Bd2 Qb6 13. Rb1 Qc7 14.
dxc5 Ng6 15. O-O Bxc5 16. Re1 Ngxe5 17. Bf4 Bd6 18. Re2 Nxf3+ 19. gxf3 Bxf4
20. Kf1 Nd4 21. Ke1 Nxe2 22. Qxe2 Bd7 23. h3 Rc8 24. Rc1 Bxc1 25. Kd1 Ba3
26. f4 Qxf4 27. Ke1 Qc1+ 28. Qd1 Qxd1+ 29. Kxd1 Ba4 30. Kd2 e5 31. f3 g6
32. h4 f5 33. Ke3 e4 34. fxe4 dxe4 35. Be2 Rxc2 36. Kf2 Bb5 37. Kf1 Bxe2+
38. Ke1 f4 39. Kf2 Bc5+ 40. Ke1 f3 41. a4 f2# { White checkmated } 0-1

[Event "ICC tourney 2351 (30 5)"]
[Site "Internet Chess Club"]
[Date "2021.01.30"]
[Round "3"]
[White "AdamD06"]
[Black "Haleyzhang"]
[Result "1-0"]
[ICCResult "Black checkmated"]
[WhiteElo "1018"]
[BlackElo "1151"]
[Opening "Two knights defense"]
[ECO "C58"]
[NIC "KP.01"]
[Time "14:01:32"]
[PlyCount "55"]
[TimeControl "1800+5"]

1. e4 e5 2. Nf3 Nc6 3. Bc4 Nf6 4. Ng5 d5 5. exd5 Na5 6. Bb5+ Bd7 7. Bxd7+
Qxd7 8. Nc3 Nxd5 9. Nce4 f6 10. Nf3 O-O-O 11. O-O f5 12. Ng3 e4 13. Nd4 Nf4
14. Ndxf5 Nc4 15. b3 Nxd2 16. Bxd2 Qxd2 17. Nxe4 Qxd1 18. Raxd1 Ne2+ 19.
Kh1 Bb4 20. Nxg7 Rhg8 21. Ne6 Rde8 22. Nf6 Rxe6 23. Nxg8 Re8 24. Nf6 Re7
25. Nd5 Re4 26. Nxb4 Rxb4 27. Rfe1 Nc3 28. Re8# { Black checkmated } 1-0

[Event "ICC tourney 2351 (30 5)"]
[Site "Internet Chess Club"]
[Date "2021.01.30"]
[Round "3"]
[White "SamuelDaPro7"]
[Black "nidhi204"]
[Result "1-0"]
[ICCResult "Black checkmated"]
[WhiteElo "1068"]
[BlackElo "951"]
[Opening "QGD Slav: 4.Nc3"]
[ECO "D15"]
[NIC "SL.03"]
[Time "14:01:51"]
[PlyCount "63"]
[TimeControl "1800+5"]

1. d4 d5 2. c4 Nf6 3. Nc3 c6 4. Nf3 Bf5 5. e3 e6 6. c5 Nbd7 7. b4 b5 8. a3
a5 9. Bb2 axb4 10. axb4 Be7 11. Be2 O-O 12. O-O Qc7 13. Qd2 e5 14. dxe5
Nxe5 15. Nxe5 Qxe5 16. Nxb5 Qe4 17. Bf3 Qh4 18. Bxf6 Bxf6 19. Nd6 Be5 20.
g3 Qh3 21. Rxa8 Rxa8 22. Bg2 Qg4 23. h3 Qg6 24. Nxf5 Qxf5 25. Rd1 Ra4 26.
e4 Qd7 27. exd5 Ra1 28. Rxa1 Bxa1 29. Qa2 Bf6 30. Qa8+ Bd8 31. Qxc6 Qa7 32.
Qe8# { Black checkmated } 1-0

[Event "ICC tourney 2351 (30 5)"]
[Site "Internet Chess Club"]
[Date "2021.01.30"]
[Round "3"]
[White "Gabe1616"]
[Black "Thisguy314"]
[Result "0-1"]
[ICCResult "White resigns"]
[WhiteElo "554"]
[BlackElo "1063"]
[Opening "two knights defense: Fritz variation"]
[ECO "C57"]
[NIC "KP.01"]
[Time "14:01:55"]
[PlyCount "52"]
[TimeControl "1800+5"]

1. e4 e5 2. Nf3 Nc6 3. Bc4 Nf6 4. Ng5 d5 5. exd5 Nd4 6. c3 Nf5 7. Bb5+ Bd7
8. Bxd7+ Qxd7 9. c4 Bc5 10. O-O h6 11. Nf3 Nd4 12. Nxe5 Qf5 13. Re1 Nc2 14.
Ng6+ Nxe1 15. Qxe1+ Ne4 16. Kf1 Bxf2 17. Qe2 fxg6 18. Nc3 Bd4+ 19. Ke1 Bxc3
20. bxc3 O-O-O 21. d3 Nxc3 22. Qc2 Rde8+ 23. Kd2 Qf6 24. Qxc3 Re2+ 25. Kxe2
Qxc3 26. Rb1 Qc2+ { White resigns } 0-1